 Dungeon Sprint DCSS version 0.21.1-1-g345015f (webtiles) character file.

2332 ratapwnz the Cleaver (level 9, 0/97 HPs)
             Began as a Deep Dwarf Berserker on Mar 15, 2018.
             Was an Elder of Trog.
             Slain by a demonic crawler (6 damage)
             ... in the Dungeon (Sprint I: "Red Sonja").
             The game lasted 00:13:52 (458 turns).

ratapwnz the Cleaver (Deep Dwarf Berserker)          Turns: 458, Time: 00:13:52

Health: 0/97       AC:  9    Str: 24    XL:     9   Next: 19%
Magic:  9/9        EV: 15    Int:  8    God:    Trog [****..]
Gold:   405        SH:  0    Dex: 12    Spells: 8/8 levels left

rFire    . . .     SeeInvis .   a - +0 hand axe
rCold    . . .     Gourm    .   (no shield)
rNeg     + . .     Faith    .   k - +2 ring mail {rN+}
rPois    .         Spirit   .   (no helmet)
rElec    .         Reflect  .   (no cloak)
rCorr    .         Harm     .   (no gloves)
MR       +....     NoTele   +   (no boots)
Stlth    +.........             (no amulet)
HPRegen  0.00/turn              (no ring)
MPRegen  0.11/turn              (no ring)

@: berserk cooldown, very slightly contaminated, non-regenerating, hasted and
slowed
A: damage resistance, heal wounds, sense surroundings 2, no regeneration
a: Heal Wounds, Berserk, Trog's Hand, Brothers in Arms, Burn Spellbooks,
Renounce Religion


You were in the Dungeon.
You worshipped Trog.
Trog was greatly pleased with you.
You were hungry.

You visited 1 branch You collected 405 gold pieces.

Inventory:

Hand Weapons
 a - a +0 hand axe (weapon)
 m - a +0 scythe
Armour
 k - a +2 ring mail of positive energy (worn)
 n - a +1 robe of cold resistance
Potions
 b - 2 potions of lignification {unknown}
 d - 2 potions of curing
 g - 2 potions of magic
 j - a potion of brilliance {unknown}
Comestibles
 c - 6 chunks of flesh


   Skills:
 + Level 11.0 Fighting
 + Level 14.7 Axes
 + Level 9.2 Armour
 + Level 8.3 Dodging


You had 8 spell levels left.
You didn't know any spells.

Dungeon Overview and Level Annotations

Branches:
Dungeon (1/1)

Altars:
Cheibriados
Dithmenos
Elyvilon
Fedhas
Gozag
Hepliaklqana
Kikubaaqudgha
Makhleb
Nemelex Xobeh
Okawaru
Qazlal
Ru
Sif Muna
Trog
Uskayaw
Vehumet
Wu Jian
Xom
Yredelemnul
Zin
The Shining One
Jiyva
Lugonu

Shops:
D *


Innate Abilities, Weirdness & Mutations

You are resistant to damage.
You can heal yourself by infusing magical energy.
You passively map the area around you.
You do not regenerate.


Message History

The demonic crawler hits you but does no damage.
The demonic crawler hits you.
* * * LOW HITPOINT WARNING * * *
The demonic crawler hits you.
* * * LOW HITPOINT WARNING * * *
The demonic crawler misses you.
The demonic crawler hits you but does no damage.
The demonic crawler closely misses you.
The demonic crawler hits you but does no damage.
The demonic crawler closely misses you.
Blink to where?
Press: ? - help, Dir - move target cursor You are very lightly contaminated with residual magic.
As you read the scroll of blinking, it crumbles to dust.
You see here an arrow.
There is an open door here.
You feel better.
You feel yourself speed up. The demonic crawler barely misses you.
The demonic crawler misses you. The demonic crawler hits you!
You die...

########################## **
#<.#..)..#..@ss#__#.§'...#
#..[..#..'..#).'..'.)#)..##+#
#..#####'#####'#__####...'..#
#..####..#...#§####?c#####..+
#..#__####..##(#≈≈§§c * ##
#..#_____##'#_('≈≈§..+ ,,
#⌠⌠#_.∩...'..._#≈≈§c§#, ,
####_..__##_.#'##+###**'
#_____###+#.#,, *


You could see 2 demonic crawlers.

Vanquished Creatures
  A centaur warrior (D)
  2 kobold demonologists (D)
  2 demonic crawlers (D)
  A slime creature (D)
  Sigmund (D)
  A yak (D)
  A floating eye (D)
  An ogre (D)
  A jelly (D)
  Ijyb (D)
12 creatures vanquished.

Notes
Turn   | Place    | Note
-------+----------+-------------------------------------------
     0 | D        | ratapwnz the Deep Dwarf Berserker began the quest for the Orb.
     0 | D        | Reached XP level 1. HP: 20/20 MP: 1/1
     2 | D        | Noticed Ijyb
    12 | D        | Killed Ijyb
    12 | D        | Reached skill level 5 in Axes
    12 | D        | Reached XP level 2. HP: 30/30 MP: 2/2
    50 | D        | Noticed an ogre
    53 | D        | Killed an ogre
    53 | D        | Reached skill level 5 in Fighting
    53 | D        | Reached skill level 7 in Axes
    53 | D        | Reached XP level 3. HP: 39/39 MP: 3/3
    53 | D        | Reached XP level 4. HP: 46/46 MP: 4/4
   102 | D        | Noticed Sigmund
   106 | D        | Killed Sigmund
   106 | D        | Reached ** piety under Trog
   106 | D        | Reached skill level 9 in Axes
   106 | D        | Reached skill level 5 in Armour
   106 | D        | Reached XP level 5. HP: 52/57 MP: 5/5
   153 | D        | Found a burning altar of Makhleb.
   153 | D        | Found a viscous altar of Jiyva.
   153 | D        | Found a shimmering altar of Xom.
   153 | D        | Found a corrupted altar of Lugonu.
   153 | D        | Noticed a slime creature
   160 | D        | Killed a slime creature
   160 | D        | Reached skill level 10 in Axes
   160 | D        | Reached skill level 5 in Dodging
   160 | D        | Reached XP level 6. HP: 67/67 MP: 6/6
   226 | D        | Noticed a kobold demonologist
   226 | D        | Noticed a floating eye
   227 | D        | Noticed a kobold demonologist
   227 | D        | Paralysed by a floating eye for 3 turns
   231 | D        | Noticed a rust devil
   232 | D        | Killed a floating eye
   232 | D        | Reached skill level 11 in Axes
   232 | D        | Reached XP level 7. HP: 75/75 MP: 7/7
   233 | D        | Noticed a hellwing
   243 | D        | Killed a kobold demonologist
   243 | D        | Reached *** piety under Trog
   243 | D        | Reached skill level 12 in Axes
   248 | D        | Killed a kobold demonologist
   248 | D        | Reached XP level 8. HP: 86/86 MP: 8/8
   284 | D        | Found an ornate altar of the Wu Jian Council.
   284 | D        | Found a deep blue altar of Sif Muna.
   286 | D        | Found a radiant altar of Vehumet.
   317 | D        | Found Geimeyn's Assorted Antiques.
   317 | D        | Found an ancient bone altar of Kikubaaqudgha.
   317 | D        | Found a hazy altar of Hepliaklqana.
   317 | D        | Found a stormy altar of Qazlal.
   317 | D        | Found a hide-covered altar of Uskayaw.
   317 | D        | Found a blossoming altar of Fedhas.
   317 | D        | Found a bloodstained altar of Trog.
   317 | D        | Found an iron altar of Okawaru.
   317 | D        | Found a basalt altar of Yredelemnul.
   317 | D        | Found a glowing golden altar of the Shining One.
   317 | D        | Found a snail-covered altar of Cheibriados.
   317 | D        | Found a sacrificial altar of Ru.
   317 | D        | Found a glowing silver altar of Zin.
   317 | D        | Found a shadowy altar of Dithmenos.
   317 | D        | Found a white marble altar of Elyvilon.
   337 | D        | Reached **** piety under Trog
   337 | D        | Reached skill level 13 in Axes
   338 | D        | Found an opulent altar of Gozag.
   341 | D        | Found a sparkling altar of Nemelex Xobeh.
   363 | D        | Noticed a centaur warrior
   363 | D        | Noticed a centaur warrior
   382 | D        | Killed a centaur warrior
   382 | D        | Reached skill level 10 in Fighting
   382 | D        | Reached skill level 14 in Axes
   418 | D        | Noticed a demonic crawler
   418 | D        | Noticed a demonic crawler
   418 | D        | Noticed a demonic crawler
   418 | D        | Noticed a demonic crawler
   446 | D        | Killed a demonic crawler
   446 | D        | Gained mutation: You passively map the area around you. [Deep Dwarf growth]
   446 | D        | Reached XP level 9. HP: 43/94 MP: 9/9
   447 | D        | Killed a demonic crawler
   453 | D        | HP: 4/97 [demonic crawler (2)]
   453 | D        | HP: 1/97 [demonic crawler (3)]
   458 | D        | Slain by a demonic crawler

Skill      XL: |  1  2  3  4  5  6  7  8  9 |
---------------+----------------------------+-----
Fighting       | 4 5 7 8 9 10 11 | 11.0
Axes           | 5 7 9 10 11 12 14 | 14.7
Armour         | 3 4 5 6 7 8 9 |  9.2
Dodging        | 3 4 5 6 7 8 |  8.3

Action                   |  1- 3 |  4- 6 |  7- 9 || total
-------------------------+-------+-------+-------++-------
Melee: Hand axe          |     8 |    10 |    70 ||    88
Invok: Berserk           |     2 |     3 |     1 ||     6
       Trog's Hand       |       |     2 |     2 ||     4
 Abil: Heal Wounds       |       |       |     1 ||     1
  Use: Potion            |       |       |     5 ||     5
       Scroll            |       |       |     1 ||     1
  Eat: Chunk             |       |     1 |       ||     1
       Ration            |       |       |     1 ||     1
Armor: Animal skin       |     1 |       |       ||     1
       Ring mail         |       |       |    30 ||    30
Dodge: Dodged            |     3 |     1 |    72 ||    76
